 Dungeon Crawl Stone Soup version 0.19.0-18-g426998a (webtiles) character file.

743 Quirk the Skirmisher (level 7, -6/44 HPs)
             Began as a Gargoyle Fighter on Nov 12, 2016.
             Was an Initiate of Ashenzari.
             Mangled by an ogre
             ... wielding a +0 giant spiked club
              (9 damage)
             ... on level 4 of the Dungeon.
             The game lasted 00:10:46 (4439 turns).

Quirk the Skirmisher (Gargoyle Fighter)             Turns: 4439, Time: 00:10:47

Health: -6/44      AC: 14    Str: 21    XL:     7   Next: 76%
Magic:  7/7        EV:  9    Int:  8    God:    Ashenzari [......]
Gold:   154        SH: 10    Dex: 10    Spells: 4 memorised, 2 levels left

rFire  . . .     SeeInvis .     a - +0 flail
rCold  . . .     Gourm    .     b - +0 scale mail
rNeg   + . .     Faith    .     c - +0 shield
rPois  ∞         Spirit   .     (no helmet)
rElec  +         Reflect  .     u - +0 cloak
rCorr  +         Harm     .     p - +0 pair of gloves
MR     .....                    (no boots)
Stlth  ..........               (no amulet)
                                A - ring of resist corrosion
                                y - +3 ring of slaying

@: no status effects
A: negative energy resistance 1, electricity resistance, unbreathing,
petrification resistance, rot immunity, AC +4
a: Curse Item, Renounce Religion


You were on level 4 of the Dungeon.
You worshipped Ashenzari.
Ashenzari was noncommittal.
You were not hungry.

You visited 2 branches of the dungeon, and saw 5 of its levels.
You also visited: Sewer.

You collected 154 gold pieces.

Inventory:

Hand Weapons
 a - a +0 flail (weapon)
 e - a +1 dagger of holy wrath
 g - a +2 dagger of distortion
 j - a +1 hand crossbow of freezing
Missiles
 m - 46 bolts
Armour
 b - a +0 scale mail (worn)
 c - a +0 shield (worn)
 p - a +0 pair of gloves (worn)
 u - a +0 cloak (worn)
Jewellery
 y - a +3 ring of slaying (left hand)
 A - a ring of resist corrosion (right hand)
Scrolls
 s - 4 scrolls of remove curse
 v - a scroll of identify
 z - a scroll of amnesia
Potions
 d - 5 potions of might
 i - 2 potions of mutation
 k - 7 potions of curing
 l - a potion of invisibility
 n - 2 potions of flight {unknown}
 o - a potion of lignification {unknown}
 q - 3 potions of brilliance {unknown}
 r - a potion of agility {unknown}
 t - 2 potions of heal wounds {unknown}
 w - a potion of degeneration {unknown}
Comestibles
 f - 2 bread rations
 h - 3 beef jerkies
 x - a slice of pizza


   Skills:
 * Level 5.2 Fighting
 + Level 3.9 Maces & Flails
 + Level 5.1 Armour
 + Level 3.1 Dodging
 + Level 0.2 Stealth
 + Level 5.1 Shields


You had 2 spell levels left.
You knew the following spells:

 Your Spells              Type           Power        Failure   Level  Hunger
a - Animate Skeleton      Necr           N/A          100%        1    ##.....
b - Summon Small Mammal   Summ           #...         100%        1    ##.....
c - Confusing Touch       Hex            #.....       100%        1    ##.....
d - Apportation           Tloc           #.........   100%        1    ##.....


Dungeon Overview and Level Annotations

Branches:
Dungeon (4/15)             Temple (1/1) D:4

Altars:
Ashenzari
Cheibriados
Dithmenos
Elyvilon
Fedhas
Gozag
Hepliaklqana
Kikubaaqudgha
Nemelex Xobeh
Qazlal
Ru
Sif Muna
Uskayaw
Vehumet
Xom
Yredelemnul
Zin
The Shining One


Innate Abilities, Weirdness & Mutations

You are resistant to torment.
Your stone body is resilient. (AC +4)
You are immune to poison.
You resist negative energy. (rN+)
You are resistant to electric shocks. (rElec)
You can survive without breathing.
You are immune to petrification.
You are immune to rotting.


Message History

A - an uncursed ring of resist corrosion Put on which piece of jewellery? (? for menu, Esc to quit)
A - a ring of resist corrosion (right hand)
s - 4 scrolls of remove curse (gained 1)
An ogre comes into view. It is wielding a giant spiked club.
The ogre shouts!
The ogre closely misses you.
You hit the ogre.
The ogre is lightly wounded.
You hit the ogre.
The ogre is moderately wounded.
The ogre barely misses you.
You hit the ogre but do no damage.
The ogre is moderately wounded.
The ogre hits you with a giant spiked club!!
* * * LOW HITPOINT WARNING * * *
You sock the ogre!
The ogre is severely wounded.
The ogre hits you with a giant spiked club!
You die...

###.... ###...........#
#...
####............)##
.............##...# .
....#............## ..
##..............##
...##................#
.................####.#
#.............#### .#
##.....@....### .
##....O....# #
#.........# ##....!..##
##......# #..##.## ##.
.. #. ###


You could see an ogre.

Vanquished Creatures
  An ogre (D:4)
  2 big kobolds (Sewer)
  A scorpion (D:4)
  2 orc priests
  A bullfrog skeleton (D:4)
  Jessica (D:3)
  2 worker ants (D:4)
  12 adders
  9 river rats (Sewer)
  3 oozes
  4 leopard geckos
  2 orcs (D:3)
  9 bats
  10 giant cockroaches
  8 hobgoblins
  8 jackals (D:3)
  2 quokkas (D:3)
  5 ball pythons
  4 frilled lizards
  7 goblins
  17 kobolds
  27 rats
137 creatures vanquished.

Notes
Turn   | Place    | Note
-------+----------+-------------------------------------------
     0 | D:1      | Quirk the Gargoyle Fighter began the quest for the Orb.
     0 | D:1      | Reached XP level 1. HP: 14/14 MP: 1/1
   103 | D:1      | Reached XP level 2. HP: 18/19 MP: 2/2
   556 | D:2      | Reached XP level 3. HP: 22/23 MP: 3/3
   596 | D:2      | Found a sparkling altar of Nemelex Xobeh.
   661 | D:2      | Reached XP level 4. HP: 20/29 MP: 4/4
   684 | D:2      | Reached skill level 1 in Dodging
   720 | D:2      | Found a basalt altar of Yredelemnul.
   987 | D:2      | Found a sacrificial altar of Ru.
  1082 | D:2      | Found a shimmering altar of Xom.
  1122 | D:2      | Found a shimmering altar of Xom.
  1122 | D:2      | Found a shimmering altar of Xom.
  1135 | D:2      | Found a shimmering altar of Xom.
  1135 | D:2      | Found a shimmering altar of Xom.
  1136 | D:2      | Found a shimmering altar of Xom.
  1137 | D:2      | Found a shimmering altar of Xom.
  1226 | D:3      | Learned a level 1 spell: Animate Skeleton
  1228 | D:3      | Learned a level 1 spell: Summon Small Mammal
  1230 | D:3      | Learned a level 1 spell: Confusing Touch
  1299 | D:3      | Found a glowing drain.
  1360 | Sewer    | Entered a sewer
  1418 | Sewer    | Reached XP level 5. HP: 8/33 MP: 5/5
  2202 | Sewer    | Learned a level 1 spell: Apportation
  2251 | Sewer    | Noticed a big kobold
  2251 | Sewer    | Noticed a big kobold
  2283 | Sewer    | Killed a big kobold
  2283 | Sewer    | Reached XP level 6. HP: 20/39 MP: 6/6
  3102 | D:3      | Noticed Jessica
  3109 | D:3      | Killed Jessica
  3109 | D:3      | Reached XP level 7. HP: 44/44 MP: 7/7
  3522 | D:3      | Found an ancient bone altar of Kikubaaqudgha.
  3675 | D:4      | Reached skill level 5 in Fighting
  3886 | D:4      | Found a staircase to the Ecumenical Temple.
  3918 | Temple   | Entered the Ecumenical Temple
  3996 | Temple   | Became a worshipper of Ashenzari the Shackled
  4108 | D:4      | Reached skill level 5 in Shields
  4181 | D:4      | Reached skill level 5 in Armour
  4439 | D:4      | Mangled by an ogre

Skill      XL: |  1  2  3  4  5  6  7 |
---------------+----------------------+-----
Dodging        | 1 2 3 |  3.1
Shields        | 4 5 |  5.1
Armour         | 4 5 |  5.1
Fighting       | 4 5 |  5.2
Maces & Flails | 3 |  3.9
Stealth        | |  0.2

Action                   |  1- 3 |  4- 6 |  7- 9 || total
-------------------------+-------+-------+-------++-------
Melee: Flail             |   119 |   369 |   116 ||   604
  Use: Scroll            |       |     8 |     2 ||    10
       Potion            |       |     1 |       ||     1
  Eat: Chunk             |       |     8 |     5 ||    13
Armor: Scale mail        |    58 |   253 |    65 ||   376
Dodge: Dodged            |    50 |   169 |    41 ||   260
Block: Shield            |    57 |   262 |    67 ||   386
